 Dungeon Crawl Stone Soup version 0.24-a0-22-g2a401c0 (console) character file.

Game seed: 18414514941612309056

1001 Duffy the Blocker (level 8, -1/58 HPs)
             Began as a Formicid Fighter on Feb 1, 2019.
             Killed by nerve-wracking pain
             ... invoked by Grinder
              (11 damage)
             ... in a sewer.
             The game lasted 00:04:31 (4952 turns).

Duffy the Blocker (Formicid Fighter)                Turns: 4952, Time: 00:04:31

Health: -1/58      AC: 10    Str: 20    XL:     8   Next: 43%
Magic:  8/8        EV:  7    Int:  9    God:
Gold:   312        SH: 11    Dex: 12    Spells: 7/7 levels left

rFire    . . .     SeeInvis +   a - +0 war axe
rCold    . . .     Gourm    .   c - +0 shield
rNeg     . . .     Faith    .   q - +0 chain mail
rPois    .         Spirit   .   (helmet unavailable)
rElec    .         Reflect  .   (no cloak)
rCorr    .         Harm     .   (no gloves)
MR       .....                  g - +0 pair of boots
Stlth    ..........             (no amulet)
HPRegen  0.19/turn              (no ring)
MPRegen  0.11/turn              (no ring)

@: lightly drained
A: permanent stasis, dig shafts and tunnels, four strong arms, antennae 3
a: Dig, Shaft Self


You were in a sewer.
You were not hungry.

You visited 1 branch of the dungeon, and saw 6 of its levels.
You also visited: Sewer.

You collected 312 gold pieces.

Inventory:

Hand Weapons
 a - a +0 war axe (weapon)
Armour
 c - a +0 shield (worn)
 g - a +0 pair of boots (worn)
 q - a +0 chain mail (worn)
Wands
 i - a wand of flame (5)
 j - a wand of iceblast (7)
Scrolls
 e - 3 scrolls of remove curse {unknown}
 h - 5 scrolls of identify {unknown}
 k - a scroll of immolation {unknown}
 m - a scroll of fog {unknown}
 n - 3 scrolls of teleportation {unknown}
 s - a scroll of amnesia {unknown}
Potions
 b - a potion of agility {unknown}
 d - a potion of might
 l - a potion of lignification {unknown}
 o - 3 potions of heal wounds {unknown}
 p - a potion of brilliance {unknown}
 r - a potion of haste {unknown}
 u - a potion of curing
Comestibles
 f - 8 rations


   Skills:
 - Level 3.2(3.1) Fighting
 + Level 6.8(6.6) Axes
 - Level 3.2(3.1) Armour
 + Level 8.6(8.4) Shields


You had 7 spell levels left.
You didn't know any spells.
Your spell library was empty.

Dungeon Overview and Level Annotations

Branches:
Dungeon (6/15)
 Temple: D:4-7

Altars:
Fedhas
Vehumet
Xom
Zin

Annotations:
Sewer Grinder


Innate Abilities, Weirdness & Mutations

You cannot be hasted, slowed, berserked, paralysed or teleported.
You can dig through walls and to a lower floor.
Your four strong arms can wield two-handed weapons with a shield.
You have a pair of large antennae on your head. (SInv)


Message History

You destroy the big kobold zombie!
You block Grinder's attack.
You closely miss Grinder.
Grinder is moderately wounded.
Grinder hits you but does no damage.
You hit Grinder but do no damage.
Grinder is moderately wounded.
Grinder hits you.
You writhe in agony.
Grinder barely misses you.
Your chain mail prevents you from hitting Grinder.
Grinder is moderately wounded.
Grinder gestures at you. You resist with some effort.
You hit Grinder but do no damage.
Grinder is moderately wounded.
Grinder hits you!
You writhe in agony.
You slash Grinder!
Grinder is severely wounded.
Grinder gestures at you. Pain shoots through your body!
You die...

#~...~# #~...~# #~...~#
#~...~# #~...~# #~%..~#
##'''##
#########...5.##
##~~~~~~#..}@}..#
###.......'.......+
#\.....)..'.}._.}.+ {
###.......'.......+ {
##~~~~~~#...}...#
##########())###
#############(#########
#~~~#~~~~~~#.(.#~~~~~~#
#~.~~.~~~~~.(((.(~~~~.#


You could see Grinder.

Vanquished Creatures
  A sky beast (D:5)
  An ogre (D:4)
  A scorpion (D:4)
  2 wights (Sewer)
  A howler monkey (D:4)
  A crimson imp (D:5)
  A hound (D:4)
  A centaur skeleton (D:4)
  Jessica (D:2)
  5 worker ants
  7 big kobold zombies (Sewer)
  A hound skeleton (D:4)
  6 gnolls (D:4)
  8 adders
  2 ufetubi (Sewer)
  3 oozes
  An adder zombie (Sewer)
  2 adder skeletons
  3 worms
  5 dart slugs
  3 leopard geckos
  5 orcs (D:3)
  3 ball pythons
  A bat zombie (Sewer)
  5 giant cockroaches
  7 goblins
  6 hobgoblins
  4 jackals (D:2)
  18 kobolds
  3 quokkas (D:3)
  3 bats
  7 frilled lizards
  A giant cockroach zombie (Sewer)
  2 kobold zombies (Sewer)
  A leopard gecko skeleton (D:5)
  10 rats
132 creatures vanquished.

Notes
Turn   | Place    | Note
-------+----------+-------------------------------------------
     0 | D:1      | Duffy the Formicid Fighter began the quest for the Orb.
     0 | D:1      | Reached XP level 1. HP: 18/18 MP: 1/1
   118 | D:1      | Reached XP level 2. HP: 24/24 MP: 2/2
   132 | D:1      | Reached skill level 4 in Shields
   426 | D:1      | Reached XP level 3. HP: 29/29 MP: 3/3
   569 | D:2      | Noticed Jessica
   579 | D:2      | Killed Jessica
   579 | D:2      | Reached XP level 4. HP: 35/35 MP: 4/4
   913 | D:2      | Reached skill level 5 in Shields
  1228 | D:2      | Found a glowing silver altar of Zin.
  1253 | D:2      | Reached XP level 5. HP: 41/41 MP: 5/5
  2047 | D:3      | Found a shimmering altar of Xom.
  2051 | D:3      | Found a blossoming altar of Fedhas.
  2351 | D:4      | Reached XP level 6. HP: 41/47 MP: 6/6
  2386 | D:4      | Got an ichor-stained robe
  2406 | D:4      | Reached skill level 6 in Shields
  2642 | D:4      | Found a radiant altar of Vehumet.
  2707 | D:4      | Noticed an ogre
  2717 | D:4      | Killed an ogre
  2893 | D:4      | Reached skill level 5 in Axes
  2893 | D:4      | Reached XP level 7. HP: 49/52 MP: 7/7
  2942 | D:4      | Reached skill level 7 in Shields
  3989 | D:5      | Entered Level 5 of the Dungeon
  4076 | D:5      | Reached XP level 8. HP: 40/58 MP: 8/8
  4475 | D:6      | Reached skill level 8 in Shields
  4508 | D:6      | Found a glowing drain.
  4512 | Sewer    | Entered a sewer
  4753 | Sewer    | Found an ancient bone altar of Kikubaaqudgha.
  4923 | Sewer    | Noticed Grinder
  4952 | Sewer    | Killed from afar by Grinder

Vault maps used:
D:1:      dpeg_arrival_orchard
D:2:      lemuel_round_altar, first_ration, uniq_jessica
D:3:      minitemple
D:4:      lemuel_crystal_altar
D:6:      serial_shops, shop, gup_sewer_entry_bowl
Sewer:    kennysheep_sewer_church

Skill      XL: |  1  2  3  4  5  6  7  8 |
---------------+-------------------------+-----
Shields        | 4 5 6 7 8 |  8.6
Axes           | 3 4 5 6 |  6.8
Fighting       | |  3.2
Armour         | |  3.2

Action                   |  1- 3 |  4- 6 |  7- 9 || total
-------------------------+-------+-------+-------++-------
Melee: War axe           |    58 |   191 |   236 ||   485
 Abil: Dig               |       |     1 |     1 ||     2
  Use: Potion            |       |       |     2 ||     2
  Eat: Chunk             |       |     6 |     8 ||    14
Armor: Scale mail        |    19 |    74 |       ||    93
       Chain mail        |       |    20 |   115 ||   135
Dodge: Dodged            |    21 |    73 |    82 ||   176
Block: Shield            |    31 |   117 |   169 ||   317

Table legend:
 A = Non-vault XP
 B = Vault XP
 C = Vault XP percentage of total XP
 D = Non-vault monster count
 E = Vault monster count
 F = Vault count percentage of total count
                 A         B        C        D         E       F
            +---------+---------+-------+---------+---------+-------
      Total |    1036 |     394 |  27.6 |      97 |      35 |  26.5
            +---------+---------+-------+---------+---------+-------
        D:1 |      36 |       0 |   0.0 |      19 |       0 |   0.0
        D:2 |      97 |      37 |  27.6 |      23 |       1 |   4.2
        D:3 |      91 |       0 |   0.0 |      23 |       0 |   0.0
        D:4 |     610 |       0 |   0.0 |      23 |       0 |   0.0
        D:5 |     189 |       0 |   0.0 |       8 |       0 |   0.0
        D:6 |      13 |       5 |  27.8 |       1 |       4 |  80.0
      Sewer |       0 |     352 | 100.0 |       0 |      30 | 100.0
            +---------+---------+-------+---------+---------+-------
